 Dungeon Sprint DCSS version 0.29-a0-330-g52719c12eb (webtiles) character file.

Game seed: 8562180460222090329

0 jt the Firebug (level 1, 0/10 HPs)
             Began as a Deep Elf Fire Elementalist on May 8, 2022.
             Slain by Ijyb
             ... wielding a +0 dagger
              (6 damage)
             ... in the Dungeon (Sprint I: "Red Sonja").
             The game lasted 00:00:31 (26 turns).

jt the Firebug (Deep Elf Fire Elementalist)           Turns: 26, Time: 00:00:32

Health: 0/10       AC:  2    Str:  5    XL:     1   Next: 0%
Magic:  3/6        EV: 12    Int: 19    God:
Gold:   0          SH:  0    Dex: 15    Spells: 5/6 levels left

rFire   . . .      SeeInvis .   (no weapon)
rCold   . . .      Faith    .   (no shield)
rNeg    . . .      Spirit   .   a - +0 robe
rPois   .          Reflect  .   (no helmet)
rElec   .          Harm     .   (no cloak)
rCorr   .          Rampage  .   (no gloves)
Will    .....      NoTele   +   (no boots)
Stlth   ++........              (no amulet)
HPRegen 0.03/turn               (no ring)
MPRegen 0.10/turn               (no ring)

@: on berserk cooldown, slowed, very slow
A: no striking features
a: no special abilities


You were in the Dungeon.
You visited 1 branch

Inventory:

Armour
 a - a +0 robe (worn)
Scrolls
 g - a scroll of blinking
Potions
 b - 3 potions of magic
 e - a potion of haste


   Skills:
 - Level 2.4 Dodging
 - Level 2.4 Stealth
 + Level 3.0 Spellcasting
 + Level 1.1 Conjurations
 + Level 3.2 Fire Magic


You had 5 spell levels left.
You knew the following spells:

 Your Spells              Type           Power      Damage    Failure   Level
a - Foxfire               Conj/Fire      44%        2x1d6     6%          1

Your spell library contained the following spells:

 Spells                   Type           Power      Damage    Failure   Level
 Scorch                   Fire           30%        2d6       6%          2
 Conjure Flame            Conj/Fire      11%        6-21      19%         3
 Inner Flame              Hex/Fire       9%         N/A       24%         3
 Flame Wave               Conj/Fire      11%        2d5       52%         4


Dungeon Overview and Level Annotations

Branches:
Dungeon (1/1)

Altars:

Annotations:
D Ijyb


Message History

Ijyb is moderately wounded.
Ijyb barely misses you.
You hit Ijyb.
Ijyb is moderately wounded.
Ijyb barely misses you.
You hit Ijyb.
Ijyb is moderately wounded.
You punch Ijyb!
Ijyb is heavily wounded.
Ijyb hits you with a +0 dagger.
* * * LOW HITPOINT WARNING * * *
You barely miss Ijyb.
Ijyb is heavily wounded.
Ijyb hits you but does no damage.
You hit Ijyb.
Ijyb is almost dead.
You closely miss Ijyb.
Ijyb is almost dead.
Ijyb barely misses you.
You hit Ijyb but do no damage.
Ijyb is almost dead.
Ijyb hits you with a +0 dagger.
* * * LOW HITPOINT WARNING * * *
You closely miss Ijyb.
Ijyb is almost dead.
You barely miss Ijyb.
Ijyb is almost dead.
Ijyb barely misses you.
You closely miss Ijyb.
Ijyb is almost dead.
You are no longer berserk.
You are exhausted.
You feel yourself slow down. Ijyb hits you but does no damage.
You aren't carrying any items that you can evoke.
You feel better. Ijyb hits you with a +0 dagger.
Casting: Foxfire (safe; 6% risk of failure)
Confirm with . or Enter, or press ? or * to list all spells.
You conjure some foxfire!
Ijyb hits you with a +0 dagger.
Ouch! That really hurt!
You die...

#### #
#v@#..+
#v.g..#
#..####
#..#
#..#
#..#
#⌠⌠#
####


You could see Ijyb (ally target).

Vanquished Creatures (others)
  5 foxfires (D)
5 creatures vanquished.

Notes
Turn   | Place    | Note
-------+----------+-------------------------------------------
     0 | D        | jt the Deep Elf Fire Elementalist began the quest for the
                  | Orb.
     0 | D        | Reached XP level 1. HP: 10/10 MP: 6/6
     2 | D        | Noticed Ijyb
    26 | D        | Slain by Ijyb

Illustrated notes

Levels and vault maps discovered:
D:        dungeon_sprint_1 [red_sonja_temple_1, red_sonja_temple_small_1]

Action                   || total
-------------------------++-------
Melee: Unarmed           ||    15
 Cast: Foxfire           ||     4
  Use: Potion            ||     3
Armor: Robe              ||     2
Dodge: Dodged            ||     6

Table legend: (Time is in decaauts)
 A = Elapsed time spent in this place.
 B = Non-inter-level travel time spent in this place.
 C = Inter-level travel time spent in this place.
 D = Time resting spent in this place.
 E = Time spent auto-exploring this place.
 F = Levels seen in this place.
 G = Mean time per level.
                   A        B        C        D        E       F      G
               +--------+--------+--------+--------+--------+-----+--------+
         Total |     21 |     21 |      0 |      0 |      0 |   1 |   21.0 |
       Dungeon |     21 |     21 |      0 |      0 |      0 |   1 |   21.0 |
               +--------+--------+--------+--------+--------+-----+--------+

Top non-repeatable levels by time:
       D: 21 daAuts
